 Dungeon Crawl Stone Soup version 0.29-a0-892-g2c4c91d9db (webtiles) character file.

Game seed: 10034136678129838343

662 selen22 the Slasher (level 7, -3/59 HPs)
             Began as a Merfolk Gladiator on July 22, 2022.
             Succumbed to Dowan's poison
             ... on level 4 of the Dungeon.
             The game lasted 00:04:35 (7060 turns).

selen22 the Slasher (Merfolk Gladiator)             Turns: 7060, Time: 00:04:36

Health: -3/59      AC:  6    Str: 13    XL:     7   Next: 56%
Magic:  7/7        EV: 13    Int:  7    God:
Gold:   287        SH:  0    Dex: 17    Spells: 6/6 levels left

rFire   . . .      SeeInvis .   x - +1 long sword (elec)
rCold   . . .      Faith    .   (no shield)
rNeg    . . .      Spirit   .   b - +0 leather armour
rPois   .          Reflect  .   c - +0 helmet
rElec   .          Harm     .   (no cloak)
rCorr   .          Rampage  .   k - +0 pair of gloves
Will    .....                   (no boots)
Stlth   +.........              (no amulet)
HPRegen 0.19/turn               (no ring)
MPRegen 0.10/turn               (no ring)

@: mighty, brilliant, lethally poisoned (-3 -> -35), flying
A: (nimble swimmer 2), mertail, screaming 1, shaggy fur 1, weak 1
a: no special abilities


You were on level 4 of the Dungeon.
You visited 1 branch of the dungeon, and saw 4 of its levels.

You collected 287 gold pieces.

Inventory:

Hand Weapons
 a - a +0 long sword
 x - a +1 long sword of electrocution (weapon)
Missiles
 e - 5 javelins (quivered)
Armour
 b - a +0 leather armour (worn)
 c - a +0 helmet (worn)
 k - a +0 pair of gloves (worn)
Wands
 w - a wand of digging (7)
Scrolls
 f - 4 scrolls of identify {unknown}
 g - a scroll of vulnerability {unknown}
 l - 3 scrolls of poison {unknown}
 n - a scroll of silence {unknown}
 o - a scroll of blinking {unknown}
 p - a scroll of butterflies {unknown}
 r - a scroll of enchant armour {unknown}
 s - 3 scrolls of teleportation {unknown}
 t - a scroll of enchant weapon {unknown}
Potions
 h - a potion of mutation
 j - a potion of brilliance
 m - a potion of degeneration {unknown}
 q - 2 potions of cancellation
 u - a potion of magic {unknown}
 v - a potion of might


   Skills:
 + Level 6.5 Fighting
 + Level 7.7 Long Blades
 - Level 2.0 Throwing
 - Level 4.0 Dodging


You had 6 spell levels left.
You didn't know any spells.
Your spell library contained the following spells:

 Spells                   Type           Power      Damage    Failure   Level
 Magic Dart               Conj           0%         1d3       52%         1
 Sandblast                Erth           0%         2d4       52%         1
 Call Imp                 Summ           0%         N/A       65%         2
 Passwall                 Tmut/Erth      0%         N/A       65%         2
 Mephitic Cloud           Conj/Pois/Air  0%         N/A       87%         3
 Stone Arrow              Conj/Erth      0%         3d7       87%         3


Dungeon Overview and Level Annotations

Branches:
Dungeon (4/15)             Temple (0/1) D:4

Altars:
Fedhas

Annotations:
D:4 Dowan


Innate Abilities, Weirdness & Mutations

((You are very nimble when in or above water. (Stealth+, EV+, Speed+++)))
Your lower body shifts to a powerful aquatic tail in water.
You occasionally shout uncontrollably at your foes.
You are covered in fur. (AC +1)
You are weak. (Str -2)


Message History

Duvessa barely misses you.
You closely miss Duvessa.
Duvessa is heavily wounded.
Duvessa closely misses you.
You hit Duvessa but do no damage.
Duvessa is heavily wounded.
Duvessa misses you.
You hit Duvessa.
Duvessa is severely wounded.
Duvessa barely misses you.
You closely miss Duvessa. You punch Duvessa.
Duvessa is almost dead.
Duvessa closely misses you.
You slash Duvessa!
You kill Duvessa!
Dowan's eyes darken. "You have made a black mistake."
Dowan seems to find hidden reserves of power!
Dowan hits you with a +1 dagger of venom.
You are poisoned.
You miss Dowan.
You feel very sick. Dowan closely misses you.
It was a potion of brilliance.
You feel clever all of a sudden.
You feel sick. Dowan hits you but does no damage.
You are more poisoned.
Dowan hits you with a +1 dagger of venom.
* * * LOW HITPOINT WARNING * * *
You are more poisoned.
It was a potion of flight.
You feel very buoyant.
You fly up into the air.
* * * LOW HITPOINT WARNING * * *
You feel very sick.
Dowan hits you with a +1 dagger of venom.
* * * LOW HITPOINT WARNING * * *
You are more poisoned.
It was a potion of might.
You feel very mighty all of a sudden.
You die...

.........##.#####....##
#.|#####.....# #....#
##....#......# ##...##
#.......#..####..#.###
###.....#### #..>#...#
###.....### ##.....##
#..........# #.#####
..#######... #.# ..# #.
#@# #.# #e# #.# .K. #.#
..... #.# ...>... #..
#.......# ## #...(...#
#########


You could see Dowan (fast) and a kobold.

Vanquished Creatures
  Sigmund (D:3)
  Duvessa (D:4)
  A jelly (D:4)
  3 orc priests (D:4)
  2 iguanas
  2 orc wizards (D:3)
  Robin (D:2)
  3 gnolls
  7 adders
  A river rat (D:3)
  An ufetubus (D:4)
  2 dart slugs
  2 worms (D:3)
  3 orcs
  3 endoplasms
  A giant cockroach (D:2)
  11 goblins
  7 hobgoblins
  3 jackals (D:1)
  6 kobolds
  4 quokkas
  4 ball pythons
  2 bats
  7 rats
78 creatures vanquished.

Notes
Turn   | Place    | Note
-------+----------+-------------------------------------------
     0 | D:1      | selen22 the Merfolk Gladiator began the quest for the Orb.
     0 | D:1      | Reached XP level 1. HP: 16/16 MP: 1/1
   183 | D:1      | Reached XP level 2. HP: 19/23 MP: 2/2
   268 | D:1      | Reached skill level 4 in Long Blades
   551 | D:1      | Found a faded altar of an unknown god.
  1045 | D:2      | Reached XP level 3. HP: 26/29 MP: 3/3
  1384 | D:2      | Reached XP level 4. HP: 36/36 MP: 4/4
  1722 | D:2      | Noticed Robin
  1747 | D:2      | Gained mutation: You are covered in fur. (AC +1) [potion of
                  | mutation]
  1747 | D:2      | Gained mutation: You are weak. (Str -2) [potion of
                  | mutation]
  1747 | D:2      | Gained mutation: You occasionally shout uncontrollably at
                  | your foes. [potion of mutation]
  1766 | D:2      | Killed Robin
  1767 | D:2      | Reached skill level 5 in Long Blades
  2238 | D:3      | Found a blossoming altar of Fedhas.
  2365 | D:3      | Found a glowing drain.
  2373 | D:3      | Noticed Sigmund
  3313 | D:3      | Reached XP level 5. HP: 38/42 MP: 5/5
  3470 | D:3      | Killed Sigmund
  3471 | D:3      | Reached skill level 5 in Fighting
  3471 | D:3      | Reached skill level 6 in Long Blades
  3471 | D:3      | Reached XP level 6. HP: 41/51 MP: 6/6
  5439 | D:3      | Reached skill level 7 in Long Blades
  5439 | D:3      | Reached XP level 7. HP: 36/57 MP: 7/7
  7044 | D:4      | Found a staircase to the Ecumenical Temple.
  7044 | D:4      | Noticed Duvessa
  7044 | D:4      | Noticed Dowan
  7056 | D:4      | Killed Duvessa
  7060 | D:4      | Succumbed to Dowan's poison

Illustrated notes

Levels and vault maps discovered:
D:1:      scummos_arrival_simple_crosswalls, layout_loops_ring,
          chequers_ecumenical_altar_lobes, hangedman_feature_mirror,
          serial_bayou_pond_e, serial_park_tiny_2, minmay_misc_feat_tower,
          minmay_door_square
D:2:      layout_basic, chequers_serial_rivers_micro_c, grunt_decor_clamped,
          uniq_robin
D:3:      layout_loops_ring, nicolae_overflow_crystal_walls,
          cheibrodos_sewer_entry_sluice, uniq_sigmund
D:4:      minmay_chambers_of_fours, layout_cave_pools, temple_green,
          minmay_strange_pillars, nrook_mini_vaults, kennysheep_big_empty_room,
          uniq_duvessa, uniq_crazy_yiuf_cottage

Skill      XL: |  1  2  3  4  5  6  7 |
---------------+----------------------+-----
Long Blades    | 4 5 6 7 |  7.7
Fighting       | 3 4 5 6 |  6.5
Throwing       | |  2.0
Dodging        | |  4.0

Action                   |  1- 3 |  4- 6 |  7- 9 || total
-------------------------+-------+-------+-------++-------
Melee: Long sword        |    79 |   155 |    39 ||   273
       Tailslap          |       |     3 |       ||     3
       Punch             |       |     2 |     2 ||     4
Throw: Throwing net      |       |     6 |     1 ||     7
       Javelin           |       |     1 |       ||     1
  Use: Potion            |       |     7 |     3 ||    10
 Stab: Held in net/web   |       |     1 |       ||     1
       Sleeping          |       |     1 |       ||     1
Armor: Leather armour    |    25 |    59 |     7 ||    91
Dodge: Dodged            |    55 |   109 |    33 ||   197

Table legend: (Time is in decaauts)
 A = Elapsed time spent in this place.
 B = Non-inter-level travel time spent in this place.
 C = Inter-level travel time spent in this place.
 D = Time resting spent in this place.
 E = Time spent auto-exploring this place.
 F = Levels seen in this place.
 G = Mean time per level.
                   A        B        C        D        E       F      G
               +--------+--------+--------+--------+--------+-----+--------+
         Total |   7059 |   6924 |    135 |   3245 |   2932 |   4 | 1764.8 |
       Dungeon |   7059 |   6924 |    135 |   3245 |   2932 |   4 | 1764.8 |
               +--------+--------+--------+--------+--------+-----+--------+

Top non-repeatable levels by time:
     D:3: 3001 daAuts
     D:2: 2119 daAuts
     D:4: 987 daAuts
     D:1: 950 daAuts
